General information
- name: BNet
- type: Ladder team game (AT/RT)
- host: Battle.net
- saver: MsY]DOGANDHORSE
map: RiceFields
- players: 6
- length: 30:02
- speed: Fast
- version: 1.24 W3XP
- replay type:

» download(225 KB)
Players
team 1 (loser)

»
321_mein (
red | 71 APM | 2099 actions | 29:35)
5 Dreadlord
2 Sleep
3 Vampiric Aura
» actions
| Assign group hotkey | 75 | |
| Basic commands | 76 | |
| Build / train | 72 | |
| Enter build submenu | 30 | |
| Enter hero's abilities submenu | 5 | |
| Give item / drop item | 1 | |
| Right click | 1016 | |
| Select / deselect | 506 | |
| Select group hotkey | 222 | |
| Use ability | 96 | |
2099 total
» units
| Acolyte | 11 | |
| Ghoul | 7 | |
| Obsidian Statue | 2 | |
| Meatwagon | 10 | |
| Necromancer | 7 | |
| Crypt Fiend | 7 | |
| Frost Wyrm | 1 | |
45 total
» upgrades
| Necromancer Training | 2 | |
| Skeletal Longevity | 1 | |
| Skeletal Mastery | 1 | |
| Exhume Corpses | 1 | |
| Disease Cloud | 1 | |
| Web | 1 | |
| Creature Attack | 2 | |
| Burrow | 1 | |
10 total
» buildings
| Crypt | 3 | |
| Altar of Darkness | 1 | |
| Ziggurat | 10 | |
| Tomb of Relics | 1 | |
| Halls of the Dead | 1 | |
| Graveyard | 1 | |
| Nerubian Tower | 1 | |
| Slaughterhouse | 2 | |
| Temple of the Damned | 2 | |
| Black Citadel | 1 | |
| Necropolis | 2 | |
| Spirit Tower | 3 | |
| Sacrificial Pit | 1 | |
| Boneyard | 4 | |
33 total
» build order
00:06 Crypt
00:14 Altar of Darkness
00:35 Ziggurat
01:10 Ziggurat
01:16 Tomb of Relics
03:14 Halls of the Dead
03:47 Graveyard
04:37 Ziggurat
04:39 Nerubian Tower
05:18 Ziggurat
05:36 Slaughterhouse
05:38 Temple of the Damned
05:51 Slaughterhouse
05:55 Temple of the Damned
07:49 Black Citadel
09:00 Ziggurat
09:03 Ziggurat
15:52 Necropolis
17:33 Crypt
17:35 Crypt
21:12 Ziggurat
21:14 Ziggurat
21:14 Ziggurat
22:28 Spirit Tower
22:58 Sacrificial Pit
24:37 Necropolis
25:04 Spirit Tower
25:18 Spirit Tower
26:02 Ziggurat
26:14 Boneyard
26:16 Boneyard
26:17 Boneyard
26:19 Boneyard
» items
| Rod of Necromancy | 1 | |
| Scroll of Town Portal | 3 | |
| Potion of Healing | 1 | |
5 total
Buddy05 (
yellow | 92 APM | 2723 actions | 29:39)
5 Death Knight
3 Death Coil
2 Unholy Aura
» actions
| Assign group hotkey | 40 | |
| Basic commands | 9 | |
| Build / train | 72 | |
| Enter build submenu | 31 | |
| Enter hero's abilities submenu | 5 | |
| Give item / drop item | 1 | |
| Right click | 1230 | |
| Select / deselect | 246 | |
| Select group hotkey | 1034 | |
| Use ability | 55 | |
2723 total
» units
| Acolyte | 12 | |
| Ghoul | 4 | |
| Crypt Fiend | 23 | |
| Frost Wyrm | 8 | |
47 total
» upgrades
| Web | 1 | |
| Freezing Breath | 1 | |
| Burrow | 1 | |
| Creature Attack | 3 | |
| Creature Carapace | 2 | |
8 total
» buildings
| Ziggurat | 17 | |
| Crypt | 1 | |
| Graveyard | 1 | |
| Altar of Darkness | 1 | |
| Nerubian Tower | 1 | |
| Tomb of Relics | 1 | |
| Spirit Tower | 2 | |
| Halls of the Dead | 2 | |
| Black Citadel | 1 | |
| Sacrificial Pit | 1 | |
| Boneyard | 2 | |
30 total
» build order
00:07 Ziggurat
00:10 Crypt
00:45 Graveyard
01:04 Altar of Darkness
01:24 Nerubian Tower
01:39 Ziggurat
02:28 Ziggurat
02:46 Tomb of Relics
03:23 Spirit Tower
03:51 Halls of the Dead
03:51 Halls of the Dead
04:07 Ziggurat
05:37 Ziggurat
06:20 Black Citadel
06:59 Sacrificial Pit
09:26 Boneyard
14:47 Ziggurat
14:49 Ziggurat
14:50 Ziggurat
14:52 Ziggurat
14:53 Ziggurat
14:54 Ziggurat
14:55 Ziggurat
15:11 Boneyard
18:42 Ziggurat
19:01 Ziggurat
19:04 Ziggurat
19:07 Ziggurat
19:21 Ziggurat
22:28 Spirit Tower
» items
| Scroll of Town Portal | 3 | |
| Potion of Healing | 1 | |
| Potion of Mana | 1 | |
5 total
GashsMudda (
purple | 50 APM | 1505 actions | 29:58)
3 Demon Hunter
2 Mana Burn
1 Evasion
» actions
| Assign group hotkey | 31 | |
| Basic commands | 52 | |
| Build / train | 71 | |
| ESC pressed | 3 | |
| Enter build submenu | 29 | |
| Enter hero's abilities submenu | 3 | |
| Remove unit from queue | 6 | |
| Right click | 729 | |
| Select / deselect | 307 | |
| Select group hotkey | 213 | |
| Use ability | 61 | |
1505 total
» units
| Wisp | 28 | |
| Huntress | 4 | |
| Glaive Thrower | 6 | |
| Druid of the Talon | 6 | |
| Faerie Dragon | 4 | |
| Chimaera | 6 | |
54 total
» upgrades
| Strength of the Moon | 2 | |
| Druid of the Talon Training | 1 | |
| Corrosive Breath | 1 | |
| Reinforced Hides | 1 | |
5 total
» buildings
| Altar of Elders | 1 | |
| Moon Well | 9 | |
| Hunter's Hall | 1 | |
| Ancient of War | 2 | |
| Tree of Ages | 1 | |
| Ancient of Lore | 1 | |
| Ancient of Wind | 2 | |
| Ancient of Wonders | 1 | |
| Tree of Eternity | 1 | |
| Chimaera Roost | 4 | |
23 total
» build order
00:09 Altar of Elders
00:31 Moon Well
01:15 Hunter's Hall
01:52 Ancient of War
02:20 Moon Well
03:24 Moon Well
04:50 Ancient of War
06:14 Tree of Ages
06:17 Moon Well
07:15 Moon Well
11:43 Moon Well
12:44 Ancient of Lore
12:50 Ancient of Wind
12:53 Ancient of Wind
17:02 Ancient of Wonders
19:02 Moon Well
19:05 Moon Well
20:17 Tree of Eternity
22:58 Chimaera Roost
23:01 Chimaera Roost
24:30 Chimaera Roost
24:47 Chimaera Roost
26:23 Moon Well
team 2 (winner)
AsqueMata (
green | 102 APM | 3047 actions | 29:59)
5 Mountain King
3 Storm Bolt
2 Bash
2 Paladin
1 Holy Light
1 Divine Shield
» actions
| Assign group hotkey | 150 | |
| Build / train | 116 | |
| Enter build submenu | 55 | |
| Enter hero's abilities submenu | 7 | |
| Right click | 1677 | |
| Select / deselect | 387 | |
| Select group hotkey | 471 | |
| Use ability | 184 | |
3047 total
» units
| Peasant | 29 | |
| Priest | 5 | |
| Dragonhawk Rider | 4 | |
38 total
» upgrades
| Masonry | 3 | |
| Lumber Harvesting | 2 | |
| Storm Hammers | 1 | |
| Swords | 3 | |
| Armor | 3 | |
| Magic Sentry | 1 | |
| Animal War Training | 1 | |
| Priest Training | 2 | |
| Cloud | 1 | |
17 total
» buildings
| Altar of Kings | 1 | |
| Farm | 8 | |
| Scout Tower | 58 | |
| Lumber Mill | 2 | |
| Arcane Tower | 2 | |
| Guard Tower | 14 | |
| Keep | 1 | |
| Town Hall | 1 | |
| Arcane Vault | 1 | |
| Castle | 2 | |
| Arcane Sanctum | 1 | |
| Gryphon Aviary | 2 | |
| Blacksmith | 1 | |
| Barracks | 1 | |
95 total
» build order
00:08 Altar of Kings
00:16 Farm
00:53 Farm
01:01 Scout Tower
01:05 Scout Tower
01:35 Lumber Mill
01:39 Arcane Tower
01:46 Lumber Mill
01:57 Scout Tower
02:00 Scout Tower
02:27 Scout Tower
02:29 Scout Tower
02:32 Scout Tower
02:44 Guard Tower
02:44 Guard Tower
02:44 Guard Tower
02:47 Guard Tower
03:20 Guard Tower
03:28 Farm
03:30 Scout Tower
03:30 Scout Tower
03:31 Scout Tower
04:21 Keep
04:30 Guard Tower
05:00 Guard Tower
06:18 Scout Tower
06:19 Scout Tower
06:20 Scout Tower
06:23 Scout Tower
06:24 Scout Tower
06:25 Scout Tower
06:25 Scout Tower
06:36 Town Hall
06:38 Scout Tower
06:39 Scout Tower
06:40 Scout Tower
06:44 Scout Tower
06:51 Arcane Vault
07:06 Scout Tower
07:07 Scout Tower
07:09 Scout Tower
07:09 Scout Tower
07:13 Scout Tower
07:15 Scout Tower
07:16 Scout Tower
07:17 Scout Tower
07:24 Guard Tower
07:29 Scout Tower
07:31 Scout Tower
07:50 Scout Tower
07:52 Scout Tower
07:53 Scout Tower
07:57 Scout Tower
07:58 Scout Tower
08:04 Guard Tower
08:55 Guard Tower
09:44 Guard Tower
10:09 Castle
10:09 Castle
11:35 Guard Tower
11:50 Scout Tower
11:50 Scout Tower
11:51 Scout Tower
11:51 Scout Tower
12:53 Guard Tower
14:31 Arcane Sanctum
14:33 Gryphon Aviary
14:33 Gryphon Aviary
14:35 Blacksmith
14:37 Barracks
14:54 Scout Tower
15:29 Guard Tower
16:32 Scout Tower
16:33 Scout Tower
16:34 Scout Tower
16:35 Scout Tower
16:36 Scout Tower
16:38 Scout Tower
16:39 Scout Tower
16:39 Scout Tower
16:40 Scout Tower
16:41 Scout Tower
16:42 Scout Tower
16:42 Scout Tower
16:43 Scout Tower
16:44 Scout Tower
16:44 Scout Tower
16:44 Scout Tower
16:45 Scout Tower
17:09 Farm
17:11 Farm
17:12 Farm
17:12 Farm
17:13 Farm
» items
| Scroll of Regeneration | 1 | |
| Lesser Clarity Potion | 3 | |
| Orb of Lightning | 2 | |
| Healing Salve | 1 | |
| Scroll of Speed | 2 | |
| Scroll of Town Portal | 3 | |
| Staff of Sanctuary | 3 | |
| Potion of Healing | 1 | |
| Kelen's Dagger of Escape | 1 | |
| Circlet of Nobility | 1 | |
18 total
MsY]DOGANDHORSE (
teal | 106 APM | 3177 actions | 30:02)
7 Blademaster
3 Wind Walk
3 Critical Strike
1 Bladestorm
» actions
| Assign group hotkey | 10 | |
| Basic commands | 22 | |
| Build / train | 70 | |
| Enter build submenu | 43 | |
| Enter hero's abilities submenu | 7 | |
| Give item / drop item | 2 | |
| Right click | 2336 | |
| Select / deselect | 275 | |
| Select group hotkey | 255 | |
| Use ability | 156 | |
3177 total
» units
» upgrades
| Spiked Barricades | 1 | |
| Ranged Weapons | 3 | |
| Liquid Fire | 1 | |
| Reinforced Defenses | 1 | |
6 total
» buildings
| Altar of Storms | 1 | |
| Orc Burrow | 4 | |
| War Mill | 1 | |
| Voodoo Lounge | 4 | |
| Watch Tower | 33 | |
| Stronghold | 1 | |
| Beastiary | 2 | |
| Fortress | 1 | |
| Great Hall | 1 | |
48 total
» build order
00:16 Altar of Storms
00:26 Orc Burrow
00:44 War Mill
01:29 Voodoo Lounge
01:37 Voodoo Lounge
01:58 Watch Tower
02:28 Watch Tower
02:49 Watch Tower
03:18 Watch Tower
03:51 Stronghold
04:25 Watch Tower
04:37 Watch Tower
05:28 Watch Tower
05:30 Watch Tower
05:57 Orc Burrow
06:16 Beastiary
06:19 Beastiary
06:38 Watch Tower
06:42 Watch Tower
06:55 Orc Burrow
07:49 Watch Tower
08:20 Voodoo Lounge
08:43 Fortress
09:08 Watch Tower
10:14 Orc Burrow
10:36 Watch Tower
10:37 Watch Tower
10:38 Watch Tower
11:36 Voodoo Lounge
16:06 Watch Tower
16:07 Watch Tower
16:07 Watch Tower
16:08 Watch Tower
20:17 Watch Tower
20:17 Watch Tower
20:18 Watch Tower
23:18 Watch Tower
23:19 Watch Tower
23:19 Watch Tower
23:20 Watch Tower
23:21 Watch Tower
25:37 Great Hall
25:40 Watch Tower
25:40 Watch Tower
25:41 Watch Tower
25:56 Watch Tower
26:00 Watch Tower
26:49 Watch Tower
» items
| Healing Salve | 2 | |
| Lesser Clarity Potion | 11 | |
| Potion of Healing | 2 | |
| Orb of Lightning | 2 | |
| Claws of Attack +15 | 1 | |
18 total
SHANEisAsourPUS (
blue | 94 APM | 2830 actions | 29:59)
5 Archmage
3 Blizzard
2 Brilliance Aura
3 Paladin
2 Holy Light
1 Divine Shield
» actions
| Assign group hotkey | 8 | |
| Basic commands | 28 | |
| Build / train | 108 | |
| ESC pressed | 2 | |
| Enter build submenu | 78 | |
| Enter hero's abilities submenu | 8 | |
| Give item / drop item | 5 | |
| Right click | 1633 | |
| Select / deselect | 248 | |
| Select group hotkey | 445 | |
| Use ability | 267 | |
2830 total
» units
» upgrades
| Masonry | 2 | |
| Magic Sentry | 1 | |
| Lumber Harvesting | 1 | |
4 total
» buildings
| Altar of Kings | 1 | |
| Farm | 3 | |
| Lumber Mill | 1 | |
| Scout Tower | 126 | |
| Guard Tower | 33 | |
| Arcane Tower | 2 | |
| Town Hall | 2 | |
| Keep | 1 | |
| Arcane Sanctum | 1 | |
| Arcane Vault | 2 | |
| Castle | 1 | |
173 total
» build order
00:12 Altar of Kings
00:14 Farm
00:16 Lumber Mill
00:44 Farm
01:16 Scout Tower
01:21 Farm
02:00 Guard Tower
02:04 Scout Tower
02:37 Arcane Tower
02:38 Scout Tower
03:21 Guard Tower
03:22 Scout Tower
03:23 Scout Tower
04:08 Guard Tower
04:18 Guard Tower
04:21 Scout Tower
04:22 Scout Tower
04:23 Scout Tower
04:53 Scout Tower
06:05 Town Hall
06:47 Guard Tower
06:59 Guard Tower
07:00 Scout Tower
07:01 Scout Tower
08:06 Town Hall
08:08 Scout Tower
08:09 Scout Tower
08:10 Scout Tower
08:11 Scout Tower
08:11 Scout Tower
08:13 Scout Tower
08:13 Scout Tower
08:14 Scout Tower
08:40 Guard Tower
08:52 Arcane Tower
08:54 Guard Tower
09:03 Guard Tower
09:11 Guard Tower
09:27 Guard Tower
09:44 Guard Tower
11:28 Guard Tower
11:29 Keep
11:31 Scout Tower
11:32 Scout Tower
11:33 Scout Tower
11:35 Scout Tower
11:35 Scout Tower
11:39 Scout Tower
11:39 Scout Tower
11:41 Scout Tower
11:42 Scout Tower
11:48 Scout Tower
11:48 Scout Tower
11:49 Scout Tower
12:04 Scout Tower
12:04 Scout Tower
12:08 Scout Tower
12:09 Scout Tower
12:10 Guard Tower
13:21 Guard Tower
15:35 Guard Tower
15:37 Arcane Sanctum
15:38 Arcane Vault
16:21 Guard Tower
16:23 Scout Tower
16:23 Scout Tower
16:24 Scout Tower
16:24 Scout Tower
16:25 Scout Tower
16:25 Scout Tower
16:26 Scout Tower
17:19 Scout Tower
17:20 Scout Tower
17:20 Scout Tower
17:21 Scout Tower
17:50 Scout Tower
17:56 Scout Tower
17:57 Scout Tower
18:01 Scout Tower
18:02 Scout Tower
18:03 Scout Tower
18:07 Guard Tower
18:09 Guard Tower
18:11 Scout Tower
18:12 Scout Tower
18:12 Scout Tower
18:13 Scout Tower
18:16 Scout Tower
18:17 Scout Tower
18:18 Scout Tower
18:19 Scout Tower
18:21 Scout Tower
18:22 Scout Tower
18:24 Scout Tower
18:25 Scout Tower
18:29 Guard Tower
18:30 Scout Tower
18:31 Scout Tower
18:31 Scout Tower
18:32 Scout Tower
18:32 Scout Tower
18:33 Scout Tower
18:35 Scout Tower
18:35 Scout Tower
18:36 Scout Tower
18:37 Scout Tower
18:38 Scout Tower
18:38 Scout Tower
18:39 Scout Tower
18:41 Scout Tower
18:43 Scout Tower
18:44 Scout Tower
18:44 Scout Tower
18:48 Guard Tower
18:49 Scout Tower
18:53 Scout Tower
18:54 Scout Tower
19:32 Castle
20:57 Scout Tower
20:58 Scout Tower
20:59 Scout Tower
21:01 Scout Tower
21:02 Scout Tower
21:03 Scout Tower
21:04 Scout Tower
21:05 Scout Tower
21:10 Guard Tower
21:14 Guard Tower
21:49 Guard Tower
23:58 Guard Tower
24:13 Guard Tower
24:49 Arcane Vault
24:54 Scout Tower
24:55 Scout Tower
24:56 Scout Tower
24:57 Scout Tower
24:58 Scout Tower
24:59 Scout Tower
25:00 Scout Tower
25:00 Scout Tower
25:01 Scout Tower
25:02 Scout Tower
25:02 Scout Tower
25:04 Scout Tower
25:05 Scout Tower
25:06 Scout Tower
25:06 Scout Tower
25:07 Scout Tower
25:08 Scout Tower
25:09 Scout Tower
25:10 Scout Tower
25:10 Scout Tower
25:11 Scout Tower
25:12 Scout Tower
25:13 Scout Tower
25:14 Scout Tower
25:46 Guard Tower
26:05 Guard Tower
26:59 Guard Tower
27:01 Guard Tower
27:24 Guard Tower
27:25 Guard Tower
27:55 Guard Tower
28:25 Scout Tower
28:26 Scout Tower
28:27 Scout Tower
28:28 Scout Tower
28:30 Scout Tower
28:31 Scout Tower
28:32 Scout Tower
28:33 Scout Tower
29:04 Scout Tower
29:05 Scout Tower
» items
| Healing Salve | 3 | |
| Lesser Clarity Potion | 4 | |
| Orb of Lightning | 2 | |
| Potion of Healing | 4 | |
| Scroll of Speed | 1 | |
| Scroll of Town Portal | 1 | |
| Staff of Sanctuary | 2 | |
17 total
Chat log
(00:13 / All) GashsMudda: you french?
(00:18 / All) SHANEisAsourPUS: oui
(00:21 / All) MsY]DOGANDHORSE: o
(00:21 / All) AsqueMata: bien sur
(00:33 / All) GashsMudda: lame
(00:38 / All) SHANEisAsourPUS: lamé
(00:41 / All) MsY]DOGANDHORSE: lamente-vouz?
(01:54 / All) MsY]DOGANDHORSE: et tu?
(01:55 / All) SHANEisAsourPUS: le monsieur de mountain.
(02:00 / All) MsY]DOGANDHORSE: montagne
(02:12 / All) SHANEisAsourPUS: The Mister Mountain
(03:17 / All) AsqueMata: 2 life. 2 life. lochiem.
(04:35 / All) SHANEisAsourPUS: mister mountain...
(07:56 / All) MsY]DOGANDHORSE: rage detonates
(07:57 / All) MsY]DOGANDHORSE: my fave
(13:32 / All) MsY]DOGANDHORSE: nice surround nooblord
(13:51 / All) MsY]DOGANDHORSE: leave
(13:53 / All) MsY]DOGANDHORSE: Frenchnoobs
(14:07 / All) MsY]DOGANDHORSE: tp
(14:10 / All) MsY]DOGANDHORSE: YEAH
(20:53 / All) MsY]DOGANDHORSE: tp
(20:55 / All) MsY]DOGANDHORSE: save you elfbase
(21:07 / All) MsY]DOGANDHORSE: ghahahaha lol
(21:40 / Allies) SHANEisAsourPUS: wood jew: wood me
(29:39 / All) MsY]DOGANDHORSE: PURPLE
(29:40 / All) MsY]DOGANDHORSE: YOU SUCK
(29:47 / All) MsY]DOGANDHORSE: QUIT
(29:49 / All) MsY]DOGANDHORSE: QUITSIES